[Event "Titled Tuesday Blitz February 22 Late 2022"]
[White "Nakamura, Hikaru"]
[Black "Van Foreest, Jorden"]
[WhiteFideId "2016192"]
[BlackFideId "1039784"]
[WhiteElo "2850"]
[BlackElo "2609"]
[Result "1/2-1/2"]
[Round "10"]
[TimeControl "180+1"]
[Date "2022.02.22"]
[WhiteClock "0:00:20"]
[BlackClock "0:00:14"]

1. Nf3 d5 2. b3 Nf6 3. Bb2 g6 4. e3 Bg7 5. c4 c6 6. d4 O-O 7. Bd3 Bg4 8. Nbd2 Nbd7 9. h3 Bxf3 10. Nxf3 e6 11. O-O a5 12. a3 Ne4 13. b4 axb4 14. axb4 Qc7 15. Qc2 Nd6 16. cxd5 exd5 17. b5 c5 18. dxc5 Qxc5 19. Qb3 Bxb2 20. Qxb2 Nc4 21. Qb3 Rfc8 22. Be2 Nde5 23. Nxe5 Nxe5 24. Rad1 Nc4 25. Bf3 Ra3 26. Qb1 Nb6 27. Qb2 Rc3 28. h4 h5 29. g3 Qc4 30. Rb1 Qc5 31. Bg2 Qe7 32. Rfd1 Qe5 33. Qb4 R8c4 34. Qa5 Qf6 35. Qa1 Kg7 36. Bxd5 Nxd5 37. Rxd5 Kh7 38. Rbd1 Qf3 39. Rd8 Qf6 40. Kg2 Kg7 41. R1d2 Qe5 42. R8d5 Qe4+ 43. Kh2 Kh7 44. R5d4 Qe6 45. Rd7 Qf6 46. Qd1 Kg7 47. Qe2 Rc1 48. R7d4 Rc5 49. Rf4 Rf5 50. Rdd4 Rxf4 51. Rxf4 Qa1 52. Qf3 Rc7 53. Qd5 Qb2 54. Kg2 Qc3 55. Rd4 Qc5 56. Kf3 b6 57. Ke4 Re7+ 58. Kf3 Re5 59. Qxc5 Rxc5 60. Rb4 Kf6 61. Ke4 Ke6 62. f3 Kd6 63. Kf4 Ke6 64. e4 f6 65. Ke3 Rc3+ 66. Kf4 Rc5 67. Rb2 Kd6 68. Rb3 Ke6 69. Ke3 Kd6 70. Kd4 Ke6 71. g4 g5 72. hxg5 Rxg5 73. gxh5 Rxh5 74. Kc4 Rc5+ 75. Kb4 f5 76. Rc3 fxe4 77. fxe4 Re5 78. Rc4 Kd6 79. Rc6+ Kd7 80. Rc4 Kd6 81. Rc6+ Kd7 82. Rxb6 Rxe4+ 83. Ka5 Kc7 84. Rh6 Kb7 85. Rh7+ Kb8 86. Ka6 Re6+ 87. b6 Re8 88. Rb7+ Ka8 89. Ra7+ Kb8 90. Rh7 Rd8 91. Rb7+ Ka8 92. Rc7 Kb8 93. Rc4 Re8 94. Rc6 Rf8 95. Re6 Rd8 96. Re7 Rg8 97. Rf7 Rh8 98. Rg7 Rf8 99. Rh7 Rg8 100. Rb7+ Ka8 101. Rd7 Kb8 102. Rd3 Re8 103. Rb3 Re1 104. Rg3 Ra1+ 105. Kb5 Rb1+ 106. Kc5 Rc1+ 107. Kd6 Kb7 108. Rg7+ Kxb6 109. Rg4 Rc6+ 110. Ke5 Rc5+ 111. Kf4 Rc4+ 112. Kg3 Rxg4+ 113. Kxg4 1/2-1/2


[Site "https://www.chess.com"]

[Event "Titled Tuesday Blitz February 22 Late 2022"]
[White "Naroditsky, Daniel"]
[Black "Jobava, Baadur"]
[WhiteFideId "2026961"]
[BlackFideId "13601520"]
[WhiteElo "2608"]
[BlackElo "2617"]
[Result "1-0"]
[Round "10"]
[TimeControl "180+1"]
[Date "2022.02.22"]
[WhiteClock "0:00:07"]
[BlackClock "0:00:09"]

1. e4 c6 2. Nf3 d5 3. d3 Bg4 4. e5 e6 5. h3 Bxf3 6. Qxf3 Nd7 7. d4 g6 8. c3 h5 9. Bd3 Bh6 10. Bxh6 Nxh6 11. Nd2 h4 12. g4 hxg3 13. fxg3 Nf5 14. h4 Qe7 15. O-O-O c5 16. Bxf5 gxf5 17. Kb1 O-O-O 18. Nf1 Rdg8 19. Ne3 cxd4 20. cxd4 Nb8 21. Qf4 Nc6 22. Rd3 Rh7 23. Rc1 Rhg7 24. Rdc3 Kb8 25. a3 Qd8 26. Rb3 Ka8 27. Rg1 a6 28. Ka2 Ka7 29. Rg2 Qa5 30. h5 Qa4 31. h6 Rh7 32. Nc2 Rg4 33. Qc1 Qc4 34. Qd2 Rxd4 35. Qe3 Kb8 36. Nxd4 Nxd4 37. Rh2 Kc7 38. Qc3 Nxb3 39. Qxb3 Qxb3+ 40. Kxb3 Kd7 41. Kb4 b6 42. a4 Ke7 43. a5 bxa5+ 44. Kxa5 f6 45. exf6+ Kxf6 46. Kxa6 d4 47. b4 d3 48. b5 d2 49. Rxd2 Rxh6 50. b6 Rh8 51. b7 Kg5 52. Rc2 Rb8 53. Ka7 Rxb7+ 54. Kxb7 e5 55. Kc6 Kg4 56. Kd5 e4 57. Rc3 1-0


[Site "https://www.chess.com"]

[Event "Titled Tuesday Blitz February 22 Late 2022"]
[White "P., Komal Kishore"]
[Black "Escudero Donoso, Felipe"]
[WhiteFideId "5016703"]
[BlackFideId "3410595"]
[WhiteElo "2054"]
[BlackElo "2184"]
[Result "0-1"]
[Round "10"]
[TimeControl "180+1"]
[Date "2022.02.23"]
[WhiteClock "0:00:02"]
[BlackClock "0:00:06"]

1. e4 c5 2. Nf3 e6 3. c3 Nf6 4. e5 Nd5 5. d4 cxd4 6. cxd4 d6 7. Nc3 Nxc3 8. bxc3 dxe5 9. Nxe5 Be7 10. Bd3 Nd7 11. O-O Nxe5 12. dxe5 Bd7 13. Qg4 g6 14. Bh6 Qc7 15. Be4 O-O-O 16. Be3 Bc6 17. Rab1 b6 18. Bxc6 Qxc6 19. Qf4 Rd7 20. c4 Bc5 21. Rfc1 Rhd8 22. Bxc5 Qxc5 23. h3 h5 24. Rb5 Qc6 25. a4 Rd1+ 26. Rxd1 Rxd1+ 27. Kh2 Rd7 28. c5 bxc5 29. Qf6 a6 30. Rb1 c4 31. Qh8+ Rd8 32. Qf6 c3 33. Qxf7 c2 34. Rc1 Rd1 35. Qf4 Rxc1 36. Qxc1 Qxa4 37. Qb2 Qc6 38. Qc1 Qc5 39. Qd2 c1=Q 40. Qxc1 Qxc1 41. g3 a5 42. f4 a4 43. h4 a3 44. Kg2 a2 0-1


[Site "https://www.chess.com"]

[Event "Titled Tuesday Blitz February 22 Late 2022"]
[White "Papp, Levente"]
[Black "Prohorov, Olexandr"]
[WhiteFideId "751243"]
[BlackFideId "14105578"]
[WhiteElo "2308"]
[BlackElo "1993"]
[Result "1-0"]
[Round "10"]
[TimeControl "180+1"]
[Date "2022.02.23"]
[WhiteClock "0:00:21"]
[BlackClock "0:00:04"]

1. c4 g6 2. g3 Bg7 3. Bg2 Nf6 4. Nc3 O-O 5. e4 d6 6. Nge2 c5 7. O-O Nc6 8. d3 Ne8 9. Rb1 Nc7 10. a3 a5 11. Be3 Ne6 12. b3 Ned4 13. Qd2 Bg4 14. f3 Bd7 15. Bh6 Rb8 16. Bxg7 Kxg7 17. Nxd4 Nxd4 18. b4 axb4 19. axb4 cxb4 20. Rxb4 Qa5 21. Qb2 e5 22. Ra1 Qc7 23. Nd5 Qc5 24. Kh1 b5 25. Rc1 Rbc8 26. h4 h5 27. f4 bxc4 28. Rbxc4 Qa5 29. fxe5 dxe5 30. Qf2 Qa6 31. Kh2 Rxc4 32. dxc4 Bc8 33. c5 f5 34. exf5 Rxf5 35. Qe3 Qe2 36. Qxe2 Nxe2 37. Re1 Nd4 38. Ne7 Rf8 39. Rxe5 Bg4 40. c6 Kf6 41. Re4 Ne6 42. Nd5+ Kg7 43. c7 Rc8 44. Rc4 Kf7 45. Bh3 Bxh3 46. Kxh3 Ke8 47. g4 hxg4+ 48. Kxg4 Kd7 49. Nb6+ Kd6 50. Nxc8+ 1-0


[Site "https://www.chess.com"]

[Event "Titled Tuesday Blitz February 22 Late 2022"]
[White "Perez Gormaz, Matias"]
[Black "Pakleza, Zbigniew"]
[WhiteFideId "3406342"]
[BlackFideId "1119290"]
[WhiteElo "2352"]
[BlackElo "2467"]
[Result "1-0"]
[Round "10"]
[TimeControl "180+1"]
[Date "2022.02.22"]
[WhiteClock "0:00:15"]
[BlackClock "0:00:07"]

1. e4 d6 2. d4 Nf6 3. Nc3 c6 4. Nf3 Bg4 5. h3 Bh5 6. Bd3 e6 7. Bf4 d5 8. e5 Nfd7 9. g4 Bg6 10. Bxg6 hxg6 11. Ne2 c5 12. c3 Nc6 13. Kf1 Qb6 14. Kg2 Be7 15. h4 O-O-O 16. Qd2 Kb8 17. b3 Ka8 18. Bg5 cxd4 19. Bxe7 Nxe7 20. cxd4 Nc6 21. Rac1 Rc8 22. Ng5 Rhf8 23. h5 gxh5 24. Rxh5 Ne7 25. Rxc8+ Nxc8 26. Nf4 Qd8 27. Nfxe6 fxe6 28. Nxe6 Qe7 29. Nxf8 Nxf8 30. Qf4 Ne6 31. Qf5 g6 32. Rh8 Kb8 33. Qf6 Qd7 34. f4 Nxd4 35. Qd6+ Qc7 36. Rg8 a6 37. Qxc7+ Kxc7 38. Rxg6 Ne7 39. f5 Kd7 40. Rb6 Kc7 41. Rh6 Nec6 42. e6 Kd6 43. Rh7 Ke5 44. Kg3 Kd6 45. Rxb7 Ne7 46. Rd7+ Ke5 47. Rxe7 Ne2+ 48. Kh4 Nf4 49. Ra7 d4 50. Rd7 d3 51. Rxd3 Nxd3 52. e7 Kf4 53. e8=Q Nf2 1-0


[Site "https://www.chess.com"]

[Event "Titled Tuesday Blitz February 22 Late 2022"]
[White "Peterson, Eric"]
[Black "Zhou, Qiyu"]
[WhiteFideId "14908395"]
[BlackFideId "505161"]
[WhiteElo "2195"]
[BlackElo "1925"]
[Result "1/2-1/2"]
[Round "10"]
[TimeControl "180+1"]
[Date "2022.02.23"]
[WhiteClock "0:00:16"]
[BlackClock "0:00:04"]

1. e4 e5 2. Nf3 Nc6 3. Bb5 a6 4. Ba4 Nf6 5. d4 b5 6. dxe5 bxa4 7. exf6 Qxf6 8. Nc3 a3 9. Nd5 Qd8 10. bxa3 Bc5 11. Bg5 f6 12. Bf4 d6 13. O-O Be6 14. c4 O-O 15. Qa4 Ne5 16. Nxe5 fxe5 17. Be3 Bxe3 18. Nxe3 Qh4 19. f3 Qg5 20. Rae1 Rfb8 21. Rf2 Rb6 22. Nd5 Bxd5 23. cxd5 Rab8 24. Qd7 Rb1 25. Ref1 Qe3 26. g3 h5 27. Kg2 Rxf1 28. Rxf1 Rb2+ 29. Kh3 Qe2 30. Qe6+ Kh8 31. Qe8+ Kh7 32. Qxh5+ Kg8 33. Qe8+ Kh7 34. Qh5+ Kg8 35. Qe8+ Kh7 36. Qh5+ 1/2-1/2


[Site "https://www.chess.com"]

[Event "Titled Tuesday Blitz February 22 Late 2022"]
[White "Petrovic, Aleksa"]
[Black "Vifleemskaia, Svetlana"]
[WhiteFideId "967629"]
[BlackFideId "4129490"]
[WhiteElo "2139"]
[BlackElo "1901"]
[Result "1-0"]
[Round "10"]
[TimeControl "180+1"]
[Date "2022.02.23"]
[WhiteClock "0:00:18"]
[BlackClock "0:00:01"]

1. e4 e5 2. Nf3 Nc6 3. Bc4 Nf6 4. Ng5 d5 5. exd5 Na5 6. Bb5+ c6 7. dxc6 bxc6 8. Be2 h6 9. Nh3 Bc5 10. d3 g5 11. Nc3 Bf5 12. f3 Qd4 13. Rf1 Bxh3 14. gxh3 Qd7 15. Ne4 Nxe4 16. dxe4 Qxh3 17. Bd3 Qh4+ 18. Kd2 Bd4 19. c3 Qxh2+ 20. Be2 Rd8 21. Rh1 Bg1+ 22. Kc2 Rxd1 23. Rxh2 Bxh2 24. Bxd1 Ke7 25. b4 Nc4 26. Be2 Nd6 27. Be3 Nb7 28. Bxa7 Bf4 29. a4 h5 30. a5 h4 31. a6 Nd6 32. Bc5 h3 33. Rd1 h2 34. Bxd6+ Kf6 35. Rh1 g4 36. fxg4 Kg5 37. a7 Kh4 38. Bb8 Kg3 39. a8=Q Kg2 40. Qa1 Rxb8 41. Qf1+ Kg3 42. Qf3+ Kh4 43. g5 Kxg5 44. Qh5+ Kf6 45. Rxh2 Bxh2 46. Qxh2 1-0


[Site "https://www.chess.com"]

[Event "Titled Tuesday Blitz February 22 Late 2022"]
[White "Pichot, Alan"]
[Black "Goltsev, Dmitry"]
[WhiteFideId "110973"]
[BlackFideId "24176710"]
[WhiteElo "2543"]
[BlackElo "2273"]
[Result "1-0"]
[Round "10"]
[TimeControl "180+1"]
[Date "2022.02.22"]
[WhiteClock "0:01:30"]
[BlackClock "0:00:32"]

1. d4 Nf6 2. Nf3 e6 3. Bf4 b6 4. e3 Bb7 5. h3 d5 6. Nbd2 Nbd7 7. Bd3 Bd6 8. O-O Ne4 9. Bxd6 cxd6 10. Qe2 O-O 11. c4 f5 12. Rac1 Nxd2 13. Nxd2 Nf6 14. c5 dxc5 15. dxc5 bxc5 16. Rxc5 Qb6 17. Rfc1 Rac8 18. Nb3 Nd7 19. Rxc8 Rxc8 20. Rxc8+ Bxc8 21. Qc2 Bb7 22. Qc3 Qc6 23. Qd4 Qb6 24. Qf4 g6 25. g4 e5 26. Qg5 e4 27. Be2 Qf6 28. Qf4 fxg4 29. Qc7 gxh3 30. Qxd7 h2+ 31. Kg2 Qh4 32. Qe8+ Kg7 33. Qe5+ Qf6 34. Qxh2 Qxb2 35. Qc7+ Kh6 36. Nd4 Qb6 37. Qf4+ Kg7 38. Bg4 Qf6 39. Ne6+ Kf7 40. Ng5+ Kg7 41. Qc7+ Kh6 42. Nf7+ Kg7 43. Nd6+ Kh6 44. Nxb7 Kg5 45. Qg3 h5 46. Bd7+ Kh6 47. Qf4+ Qxf4 48. exf4 d4 49. Nc5 e3 50. fxe3 dxe3 51. Kf3 g5 52. fxg5+ Kxg5 53. Kxe3 h4 54. Kd4 Kf6 55. Kc4 Ke7 56. Kb5 Kd6 57. Bh3 Kd5 58. a4 Kd6 59. a5 Kc7 60. Ka6 Kb8 61. Ne6 Ka8 62. Bg2+ Kb8 63. Ng5 1-0


[Site "https://www.chess.com"]

[Event "Titled Tuesday Blitz February 22 Late 2022"]
[White "Piesik, Piotr"]
[Black "Shirov, Alexei"]
[WhiteFideId "1136194"]
[BlackFideId "2209390"]
[WhiteElo "2232"]
[BlackElo "2645"]
[Result "0-1"]
[Round "10"]
[TimeControl "180+1"]
[Date "2022.02.22"]
[WhiteClock "0:01:04"]
[BlackClock "0:01:01"]

1. Nf3 d5 2. g3 g6 3. Bg2 Bg7 4. d4 Nf6 5. O-O O-O 6. c4 c6 7. cxd5 cxd5 8. Nc3 Ne4 9. Qb3 Nc6 10. e3 Na5 11. Qb4 Bf5 12. Nxe4 Bxe4 13. Bd2 Nc4 14. b3 a5 15. Qc3 Nd6 16. Rfc1 a4 17. Qb4 Qd7 18. Ne1 Rfc8 19. f3 Bf5 20. Bf1 e5 21. dxe5 Bxe5 22. Bc3 Rxc3 23. Rxc3 axb3 24. Qxb3 Nc4 25. Rac1 Ra3 26. Qxa3 Nxa3 27. Rxa3 Bb2 28. Ra8+ Kg7 29. Rd1 Qc6 30. Rd8 Be6 31. Nd3 Qb6 32. Nxb2 Qxd8 33. Nd3 Qa5 34. Nf4 Qxa2 0-1


[Site "https://www.chess.com"]

[Event "Titled Tuesday Blitz February 22 Late 2022"]
[White "Pinheiro, Iung Alicio de O."]
[Black "Przybylski, Wojciech"]
[WhiteFideId "2104350"]
[BlackFideId "1117599"]
[WhiteElo "2589"]
[BlackElo "2133"]
[Result "1-0"]
[Round "10"]
[TimeControl "180+1"]
[Date "2022.02.23"]
[WhiteClock "0:00:09"]
[BlackClock "0:00:02"]

1. e4 c5 2. Nf3 e6 3. c3 Nf6 4. e5 Nd5 5. Bc4 d6 6. O-O Be7 7. d4 cxd4 8. cxd4 O-O 9. Qe2 dxe5 10. dxe5 a6 11. Rd1 b5 12. Bd3 Bb7 13. Qe4 g6 14. Qg4 Nd7 15. Bh6 Re8 16. Nbd2 Qb8 17. Qg3 Nb4 18. Bb1 Nc6 19. Re1 Nc5 20. h4 Rd8 21. h5 Nd3 22. Re3 Ncxe5 23. Nxe5 Nxe5 24. Rxe5 Bd6 25. Bf4 Qc7 26. Be4 f6 27. Bxb7 fxe5 28. Bxa8 exf4 29. Qg4 Rxa8 30. hxg6 Qe7 31. gxh7+ Kh8 32. Re1 e5 33. Nf3 Qg7 34. Qe6 Qe7 35. Qd5 Re8 36. Nd4 Bc7 37. Qc6 Kxh7 38. Nf3 Rd8 39. Rc1 Bd6 40. Rd1 Rd7 41. Qe4+ Kg7 42. Ng5 Qf6 43. Qh7+ Kf8 44. Qxd7 Be7 45. Nh7+ Kg7 46. Nxf6 Kxf6 47. Qg4 e4 48. Rd5 Bd6 49. Rf5+ Ke7 50. Qg6 Kd8 51. Rf7 Be7 52. Qe6 e3 53. Qxe7+ 1-0


[Site "https://www.chess.com"]

[Event "Titled Tuesday Blitz February 22 Late 2022"]
[White "Ponkratov, Pavel"]
[Black "Hakobyan, Aram"]
[WhiteFideId "4157800"]
[BlackFideId "13306677"]
[WhiteElo "2487"]
[BlackElo "2557"]
[Result "1-0"]
[Round "10"]
[TimeControl "180+1"]
[Date "2022.02.22"]
[WhiteClock "0:00:15"]
[BlackClock "0:00:03"]

1. d4 Nf6 2. c4 e6 3. Nc3 Bb4 4. Qa4 Bxc3+ 5. bxc3 O-O 6. Bg5 d6 7. Qc2 Re8 8. e4 e5 9. Bd3 h6 10. Bxf6 Qxf6 11. Ne2 Nc6 12. d5 Ne7 13. O-O Ng6 14. a4 a5 15. c5 dxc5 16. f3 b6 17. g3 Bh3 18. Rf2 Rad8 19. c4 c6 20. Kh1 cxd5 21. cxd5 Bd7 22. Rb1 Rc8 23. Bc4 Rc7 24. Nc3 Ne7 25. Qd3 Nc8 26. f4 Nd6 27. f5 Rb8 28. Rfb2 Nxc4 29. Qxc4 Rcb7 30. Kg2 Qd6 31. Rb3 Kh7 32. Nd1 Ra8 33. h4 b5 34. axb5 a4 35. Ra3 Ra5 36. Nc3 Qb8 37. Qxc5 Bxb5 38. Kh2 Bf1 39. Rxb7 Qxb7 40. Qf2 Qb4 41. Rxa4 Rxa4 42. Nxa4 Qxa4 43. Qxf1 Qxe4 44. Qd1 Qxf5 45. d6 Qd7 46. Qc2+ f5 47. Qc7 Qb5 48. Qc2 Kg6 49. g4 e4 50. Qd2 Qd7 51. Qd5 fxg4 52. Kg3 Kf6 53. Kf4 e3 54. Qe5+ Kf7 55. Qd5+ Qe6 56. Qb7+ Kg6 57. Qb1+ Kf6 58. Qb2+ Kf7 59. Qb7+ Kg8 60. d7 e2 61. d8=Q+ Kh7 62. Qb1+ g6 63. Qb7+ Qf7+ 64. Qxf7# 1-0


[Site "https://www.chess.com"]

[Event "Titled Tuesday Blitz February 22 Late 2022"]
[White "Qashashvili, Alexandre"]
[Black "Rosen, Eric"]
[WhiteFideId "13600842"]
[BlackFideId "2032562"]
[WhiteElo "2316"]
[BlackElo "2362"]
[Result "0-1"]
[Round "10"]
[TimeControl "180+1"]
[Date "2022.02.23"]
[WhiteClock "0:01:49"]
[BlackClock "0:01:52"]

1. e4 e5 2. Nf3 Nf6 3. Nc3 Bc5 4. Bc4 d6 5. d3 Nc6 6. h3 h6 7. Be3 Bb6 8. Bxb6 axb6 9. a3 Be6 10. Nd5 Bxd5 11. Bxd5 Nxd5 12. exd5 Ne7 13. c4 O-O 14. Nd2 Ng6 15. g3 f5 16. Qh5 Qf6 17. O-O-O b5 18. Rhf1 e4 19. dxe4 Ne5 20. Qxf5 Nd3+ 21. Kc2 Qxb2+ 22. Kxd3 Rxa3+ 23. Ke2 Rxf5 24. exf5 Qe5+ 25. Ne4 Qxe4+ 26. Kd2 Rd3+ 0-1


[Site "https://www.chess.com"]

[Event "Titled Tuesday Blitz February 22 Late 2022"]
[White "Quirke, Jeffrey"]
[Black "De Souza, Cristiano Gomes"]
[WhiteFideId "2013029"]
[BlackFideId "2151758"]
[WhiteElo "2176"]
[BlackElo "2068"]
[Result "0-1"]
[Round "10"]
[TimeControl "180+1"]
[Date "2022.02.23"]
[WhiteClock "0:00:49"]
[BlackClock "0:02:05"]

1. c4 Nf6 2. g3 g6 3. Bg2 Bg7 4. Nf3 O-O 5. O-O d5 6. cxd5 Nxd5 7. Nc3 Nxc3 8. bxc3 c5 9. Rb1 Nc6 10. d3 Rb8 11. Nd2 Bd7 12. c4 a6 13. a4 Nb4 14. Ne4 b6 15. Bd2 a5 16. Nc3 e6 17. Nb5 Bxb5 18. axb5 e5 19. Bxb4 cxb4 20. Bd5 Kh8 21. e3 f5 22. d4 f4 23. Qd3 fxg3 24. fxg3 Qg5 25. c5 exd4 26. exd4 Qg4 27. Rxf8+ Rxf8 28. Rd1 h5 29. cxb6 h4 30. b7 hxg3 31. Qxg3 Qxd1+ 0-1


[Site "https://www.chess.com"]

[Event "Titled Tuesday Blitz February 22 Late 2022"]
[White "Romanchuk, Viktor"]
[Black "Moskvin, Anatoly"]
[WhiteFideId "14109271"]
[BlackFideId "24199990"]
[WhiteElo "2242"]
[BlackElo "2079"]
[Result "0-1"]
[Round "10"]
[TimeControl "180+1"]
[Date "2022.02.23"]
[WhiteClock "0:01:53"]
[BlackClock "0:01:34"]

1. d4 Nf6 2. c4 c5 3. d5 b5 4. cxb5 a6 5. bxa6 Bxa6 6. Nc3 g6 7. f4 d6 8. Nf3 Bg7 9. e4 Bxf1 10. Rxf1 Nfd7 11. Qe2 O-O 12. e5 dxe5 13. fxe5 Nb6 14. Qe4 Na6 15. Bg5 f6 16. Be3 f5 17. Qh4 Nxd5 18. Ng5 h6 19. Ne6 Nxe3 20. Nxd8 Nxg2+ 0-1


[Site "https://www.chess.com"]

[Event "Titled Tuesday Blitz February 22 Late 2022"]
[White "Romero Ruscalleda, Josep"]
[Black "Gimenez Aguirre, Alejo Ismael"]
[WhiteFideId "2231859"]
[BlackFideId "32041667"]
[WhiteElo "2379"]
[BlackElo "2031"]
[Result "1-0"]
[Round "10"]
[TimeControl "180+1"]
[Date "2022.02.23"]
[WhiteClock "0:00:11"]
[BlackClock "0:00:59"]

1. e4 c5 2. c3 g6 3. d4 cxd4 4. cxd4 d5 5. Nc3 dxe4 6. Bc4 Nf6 7. Qb3 e6 8. Bg5 Be7 9. O-O-O Nc6 10. d5 Na5 11. Qa4+ Bd7 12. Bb5 exd5 13. Bxf6 Bxf6 14. Nxd5 Bg5+ 15. Kb1 Nc6 16. Qxe4+ Kf8 17. f4 Bf6 18. Nxf6 Bf5 19. Rxd8+ Rxd8 20. Qxf5 gxf5 21. Nf3 h5 22. Bxc6 bxc6 23. Ne5 Rh6 24. Nfd7+ Kg7 25. Nc5 Rd2 26. g3 Rhd6 27. a3 Re2 28. Ned3 Rd2 29. Nc1 Rg2 30. N5d3 Rd2 31. Ne5 Re2 32. Nb3 f6 33. Nc4 Rd7 34. h3 Rg2 35. Nc5 Rd5 36. Ne3 Rxg3 37. Nxd5 cxd5 38. Ne6+ Kf7 39. Nd4 Rd3 40. Nxf5 Rf3 41. Nd6+ Ke6 42. Nb5 Rxf4 43. Nxa7 Ke5 44. Nb5 d4 45. Rd1 f5 46. a4 d3 47. b3 Rf3 48. a5 Rxh3 49. a6 d2 50. a7 Rxb3+ 51. Kc2 Rxb5 52. a8=Q 1-0


[Site "https://www.chess.com"]

[Event "Titled Tuesday Blitz February 22 Late 2022"]
[White "Rorrer, Grayson"]
[Black "Debray, Christopher"]
[WhiteFideId "30944996"]
[BlackFideId "630810"]
[WhiteElo "2122"]
[BlackElo "2369"]
[Result "1-0"]
[Round "10"]
[TimeControl "180+1"]
[Date "2022.02.22"]
[WhiteClock "0:00:40"]
[BlackClock "0:00:05"]

1. e4 e5 2. Nc3 Nf6 3. d4 exd4 4. Qxd4 Nc6 5. Qd3 Be7 6. Bf4 d6 7. O-O-O O-O 8. Nge2 Be6 9. h4 Ne5 10. Qd2 c6 11. Nd4 Qa5 12. Nxe6 fxe6 13. f3 b5 14. Kb1 Nc4 15. Bxc4 bxc4 16. Nd5 Nxd5 17. Qxa5 Nxf4 18. Qc7 Rfe8 19. Qxc6 Rac8 20. Qd7 Ng6 21. Qxe6+ Kh8 22. h5 Nf4 23. Qf7 Ne2 24. h6 Bf6 25. hxg7+ Bxg7 26. Rxh7+ Kxh7 27. Rh1# 1-0


[Site "https://www.chess.com"]

[Event "Titled Tuesday Blitz February 22 Late 2022"]
[White "Rustemov, Alexander"]
[Black "Lewtak, Damian"]
[WhiteFideId "4119002"]
[BlackFideId "1141724"]
[WhiteElo "2704"]
[BlackElo "2361"]
[Result "0-1"]
[Round "10"]
[TimeControl "180+1"]
[Date "2022.02.22"]
[WhiteClock "0:00:03"]
[BlackClock "0:00:05"]

1. d4 Nf6 2. c4 c6 3. Nc3 d5 4. e3 e6 5. Nf3 Nbd7 6. Qc2 Bd6 7. Bd2 O-O 8. O-O-O b5 9. e4 b4 10. e5 bxc3 11. Bxc3 Ne4 12. exd6 Nxc3 13. Qxc3 dxc4 14. Bxc4 Nb6 15. Bb3 Qxd6 16. Kb1 a5 17. a3 Ba6 18. Rc1 Rfc8 19. Ne5 Bb5 20. Qc5 Qb8 21. Rhe1 a4 22. Ba2 Ra5 23. Qc3 Ra7 24. f4 Rd8 25. g4 Nd5 26. Bxd5 cxd5 27. g5 Rb7 28. Ka1 Be8 29. Re2 Kh8 30. Rec2 f6 31. gxf6 gxf6 32. Nc6 Bxc6 33. Qxc6 Rb6 34. Qxa4 Qxf4 35. Rc8 Rb8 36. R8c7 Qd2 37. R1c2 Qd1+ 38. Ka2 Rxb2+ 39. Kxb2 Rb8+ 40. Qb4 Rxb4+ 41. axb4 Qxd4+ 42. Kb3 Qd3+ 43. R2c3 Qb1+ 44. Ka4 d4 45. R3c6 Qa2+ 46. Kb5 d3 47. Rd6 Qa8 48. Rxd3 Qb8+ 49. Kc6 e5 50. Rdd7 Qa8+ 51. Kd6 Qa6+ 52. Ke7 Kg7 53. Rb7 Kg6 54. b5 Qa3+ 55. Kd8 e4 56. Re7 e3 57. b6 Qd6+ 58. Kc8 Qc6+ 59. Kb8 Qd6+ 60. Ka7 Qa3+ 61. Kb8 Qd6+ 62. Kc8 Qc6+ 63. Kd8 Qd6+ 64. Ke8 Qc6+ 65. Kd8 e2 66. Rg7+ Kf5 67. Rbe7 Qd6+ 68. Kc8 Qxb6 69. Kd7 Qb7+ 70. Ke8 Qa8+ 71. Kf7 Qa2+ 72. Kf8 Qd2 73. Kf7 e1=Q 74. Rxe1 Qxe1 75. Rxh7 Qe6+ 76. Kg7 Qd7+ 77. Kh6 Qe8 78. Kg7 Qg6+ 79. Kh8 Ke6 80. h4 Qe8+ 81. Kg7 f5 82. h5 Qf7+ 83. Kh6 Qf6# 0-1


[Site "https://www.chess.com"]

[Event "Titled Tuesday Blitz February 22 Late 2022"]
[White "Sanchez Alvares, Kelvin Antonio"]
[Black "Leitao, Rafael"]
[WhiteFideId "3906680"]
[BlackFideId "2101246"]
[WhiteElo "2193"]
[BlackElo "2609"]
[Result "1-0"]
[Round "10"]
[TimeControl "180+1"]
[Date "2022.02.22"]
[WhiteClock "0:00:02"]
[BlackClock "0:00:04"]

1. d4 Nf6 2. c4 e6 3. Nf3 Bb4+ 4. Bd2 c5 5. a3 Bxd2+ 6. Qxd2 cxd4 7. Nxd4 O-O 8. Nc3 a6 9. e4 d6 10. Be2 b6 11. O-O Bb7 12. f3 Qc7 13. Rfd1 Rd8 14. Rac1 Nbd7 15. b4 Ne5 16. Bf1 Rac8 17. Na4 Ba8 18. Qe3 Qb8 19. Nb3 Ned7 20. Qd4 Ne8 21. Qe3 Bc6 22. Nc3 Ne5 23. a4 Ba8 24. Nb1 h6 25. Na3 Nf6 26. Rb1 Qc7 27. a5 bxa5 28. b5 a4 29. b6 Qb8 30. Na5 Bb7 31. Qc3 d5 32. exd5 Nxd5 33. Qe1 Nxf3+ 34. gxf3 Nf4 35. Qe3 Rxd1 36. Rxd1 Ng6 37. Nxb7 Qxb7 38. c5 Ne7 39. Nc4 Nd5 40. Qd4 Qe7 41. Nd6 Qg5+ 42. Qg4 Qe3+ 43. Kh1 Rxc5 44. b7 Qb3 45. Qd4 Rc6 46. Nc4 Qxb7 47. Na5 Qc7 48. Nxc6 Qxc6 49. Bd3 Nc3 50. Be4 Nxe4 51. Qxe4 Qc7 52. Qa8+ Kh7 53. Qd8 Qc6 54. Qd3+ g6 55. Qe4 Qc7 56. Rg1 Qd7 57. h4 a3 58. h5 Qe8 59. hxg6+ fxg6 60. Qb7+ Kh8 61. Qb4 a2 62. Qb2+ Kh7 63. Qxa2 Qf7 64. Rg3 Qf4 65. Kg2 h5 66. Qf2 h4 67. Rg4 h3+ 68. Kxh3 Qf5 69. Qh4+ Kg7 70. Qe7+ Kg8 71. Qe8+ Kg7 72. Kg2 Qc2+ 73. Kg3 Qc7+ 74. Kh3 Qc2 75. Qe7+ Kg8 76. Qf6 Kh7 77. Qf7+ 1-0


[Site "https://www.chess.com"]

[Event "Titled Tuesday Blitz February 22 Late 2022"]
[White "Sargsyan, Anna M."]
[Black "Todorovic, Bojan"]
[WhiteFideId "13308130"]
[BlackFideId "917087"]
[WhiteElo "2271"]
[BlackElo "2266"]
[Result "1-0"]
[Round "10"]
[TimeControl "180+1"]
[Date "2022.02.23"]
[WhiteClock "0:01:21"]
[BlackClock "0:00:22"]

1. e4 g6 2. d4 Bg7 3. Nc3 d6 4. f4 a6 5. Nf3 Nd7 6. Be3 b5 7. a3 Bb7 8. Bd3 Ngf6 9. O-O c5 10. e5 Nd5 11. Nxd5 Bxd5 12. dxc5 dxc5 13. Bxb5 axb5 14. Qxd5 O-O 15. e6 Nb6 16. exf7+ Rxf7 17. Qxc5 Nc4 18. Rad1 Qc8 19. Ng5 Rf5 20. Qxe7 Nxe3 21. Qxe3 h6 22. Ne6 Bxb2 23. Rd8+ Qxd8 24. Nxd8 Rxd8 25. Qb3+ 1-0


[Site "https://www.chess.com"]

[Event "Titled Tuesday Blitz February 22 Late 2022"]
[White "Sevian, Samuel"]
[Black "Golubka, Petro"]
[WhiteFideId "2040506"]
[BlackFideId "14114224"]
[WhiteElo "2698"]
[BlackElo "2392"]
[Result "1-0"]
[Round "10"]
[TimeControl "180+1"]
[Date "2022.02.22"]
[WhiteClock "0:02:08"]
[BlackClock "0:01:16"]

1. d4 d5 2. c4 e6 3. Nc3 Nf6 4. cxd5 exd5 5. Bf4 Be7 6. e3 O-O 7. Bd3 c6 8. Nge2 a5 9. Qc2 Na6 10. a3 Re8 11. h3 Be6 12. O-O g6 13. Rac1 Bd6 14. Na4 Bxf4 15. Nxf4 Nd7 16. Rb1 b5 17. Qxc6 bxa4 18. Bxa6 Re7 19. Bd3 Nb6 20. Rfc1 Rb8 21. Qc2 Bd7 22. Qd1 Be8 23. Rc5 Ra7 24. Rbc1 Qd6 25. Qf3 Rd8 26. h4 Raa8 27. h5 Rab8 28. h6 Qf8 29. Qh3 Qd6 30. Be2 Bd7 31. Qg3 Be8 32. Bf3 Qf8 33. Qh2 Qe7 34. Bxd5 g5 35. Qg3 Kf8 36. Bf3 f6 37. Nd3 Bg6 38. Rc7 Nd7 39. Nc5 Rxb2 40. Bc6 1-0


[Site "https://www.chess.com"]

[Event "Titled Tuesday Blitz February 22 Late 2022"]
[White "Sharafiev, Azat"]
[Black "Tomiello, Mateus Costamilan"]
[WhiteFideId "4186214"]
[BlackFideId "22701958"]
[WhiteElo "2299"]
[BlackElo "1975"]
[Result "1-0"]
[Round "10"]
[TimeControl "180+1"]
[Date "2022.02.22"]
[WhiteClock "0:00:39"]
[BlackClock "0:00:01"]

1. d4 Nf6 2. Nf3 g6 3. Bg5 Bg7 4. Nbd2 d5 5. e3 O-O 6. Bd3 c5 7. c3 Nc6 8. O-O Qb6 9. Qb1 h6 10. Bh4 g5 11. Bg3 Nh5 12. Be5 Nxe5 13. Nxe5 Bxe5 14. dxe5 Qe6 15. f4 f6 16. Bh7+ Kh8 17. Qg6 fxe5 18. Qxh5 Kxh7 19. fxg5 Bd7 20. gxh6 Rf6 21. Nf3 Qg4 22. Qxe5 Raf8 23. h3 Qg6 24. Qxe7+ R8f7 25. Qd8 Bxh3 26. Nh4 Rxf1+ 27. Rxf1 Rxf1+ 28. Kxf1 Qd3+ 29. Kf2 Qd2+ 30. Kf3 Qd1+ 31. Kg3 Bg4 32. Qf6 Qe1+ 33. Kxg4 Qe2+ 34. Kf5 Qh5+ 35. Ke6 Qe8+ 36. Qe7+ Qxe7+ 37. Kxe7 Kxh6 38. Kd6 Kh5 39. Nf3 b5 40. Kxc5 1-0


[Site "https://www.chess.com"]